 Dungeon Crawl Stone Soup version 0.25.1-2-g60ff931df9 (webtiles) character file.

Game seed: 15333670653318197250

603230 Maadim the Hoplite (level 27, -3/174 HPs)
             Began as a Vine Stalker Fighter on Aug 30, 2020.
             Was the Champion of Okawaru.
             Slain by an emperor scorpion (8 damage)
             ... summoned by a greater mummy
             ... on level 2 of the Tomb of the Ancients.
             The game lasted 04:19:08 (53706 turns).

Maadim the Hoplite (Vine Stalker Fighter)          Turns: 53706, Time: 04:19:10

Health: -3/174     AC: 41    Str: 39    XL:     27
Magic:  0/32       EV: 13    Int: 16    God:    Okawaru [******]
Gold:   13509      SH: 31    Dex: 16    Spells: 26/26 levels left

rFire    + + .     SeeInvis +   A - +11 hand axe "Ogreslayer" {vamp, *Corrode +Blink rPois Dex+2}
rCold    + . .     Gourm    .   a - +5 kite shield {rC+ rF+}
rNeg     + + .     Faith    .   W - +10 plate armour {MR+}
rPois    +         Spirit   +   (helmet restricted)
rElec    +         Reflect  +   z - +4 cloak of Atheism {rC+ Int+4}
rCorr    +         Harm     .   r - +2 pair of gloves "Xuillecs" {Str+4}
MR       +++++                  H - +0 pair of boots of Greater Demons {rC- rN+ Str+6 Int+4 SInv}
Stlth    ..........             o - amulet of reflection
HPRegen  1.19/turn              Q - ring "Tiqom" {rPois rN+}
MPRegen  0.23/turn              D - ring "Xoumop" {rElec rC- MR++ Dex-3 Slay+4 Stlth+}

@: resistant, heroism, very slightly contaminated, invisible
A: antennae 1, fangs 3, blink, blurry vision 1, regeneration 2, robust 1, magic
shield, antimagic bite, no potion heal 3, rot immunity, MP-powered wands
}: 3/15 runes: serpentine, barnacled, silver
a: Blink, Heroism, Finesse, Renounce Religion, Evoke Blink


You were on level 2 of the Tomb of the Ancients.
You worshipped Okawaru.
Okawaru was exalted by your worship.
You were full.

You visited 11 branches of the dungeon, and saw 50 of its levels.
You also visited: Bailey and Gauntlet.

You collected 16459 gold pieces.
You spent 2950 gold pieces at shops.

Inventory:

Hand Weapons
 s - the +8 morningstar "Dragon's Demise" {pain, rPois rC+ Str+4}
   (Okawaru gifted it to you on level 3 of the Vaults)

   In the hands of one skilled in necromantic magic, it inflicts extra damage on
   living creatures.
   It affects your strength (+4).
   It protects you from cold.
   It protects you from poison.
 A - the +11 hand axe "Ogreslayer" (weapon) {vamp, *Corrode +Blink rPois Dex+2}
   (You found it on level 2 of the Lair of Beasts)

   It inflicts no extra harm, but heals its wielder when it wounds a living foe.
   It affects your dexterity (+2).
   It protects you from poison.
   It lets you blink.
   It may corrode you when you take damage.
 S - the +8 trident of Moyligge {freeze, rPois Str+4 Int+3}
   (You took it off a skeletal warrior on level 2 of the Vaults)

   It has been specially enchanted to freeze those struck by it, causing extra
   injury to most foes and up to half again as much damage against particularly
   susceptible opponents.
   It can also slow down cold-blooded creatures.
   It affects your strength (+4).
   It affects your intelligence (+3).
   It protects you from poison.
 T - a +9 flail of holy wrath
Missiles
 e - 14 throwing nets (quivered)
Armour
 a - a +5 kite shield of resistance (worn)
 r - the +2 pair of gloves "Xuillecs" (worn) {Str+4}
   (Okawaru gifted it to you on level 3 of the Elven Halls)

   It affects your strength (+4).
 z - the +4 cloak of Atheism (worn) {rC+ Int+4}
   (You found it in a Gauntlet)

   It affects your intelligence (+4).
   It protects you from cold.
 H - the +0 pair of boots of Greater Demons (worn) {rC- rN+ Str+6 Int+4 SInv}
   (You acquired it on level 2 of the Orcish Mines)

   It affects your strength (+6).
   It affects your intelligence (+4).
   It makes you vulnerable to cold.
   It protects you from negative energy.
   It lets you see invisible.
 O - a +2 tower shield of protection
 W - a +10 plate armour of magic resistance (worn)
 Z - a +2 tower shield of cold resistance
Jewellery
 b - the amulet of Pacococlel {+Fly MR+ Regen+}
   (You acquired it on level 4 of the Vaults)

   [amulet of regeneration]

   It affects your resistance to hostile enchantments.
   It lets you fly.
   It increases your rate of regeneration.
 g - an uncursed ring of protection from fire
 o - an amulet of reflection (around neck)
 C - the ring "Sipni" {rElec rN+ MR++ Str-3 Int-2}
   (You found it on level 3 of the Crypt)

   [ring of positive energy]

   It affects your strength (-3).
   It affects your intelligence (-2).
   It insulates you from electricity.
   It protects you from negative energy.
   It affects your resistance to hostile enchantments.
 D - the ring "Xoumop" (right hand) {rElec rC- MR++ Dex-3 Slay+4 Stlth+}
   (You found it on level 3 of the Snake Pit)

   [ring of slaying]

   It affects your dexterity (-3).
   It affects your accuracy and damage with ranged weapons and melee attacks
   (+4).
   It makes you vulnerable to cold.
   It insulates you from electricity.
   It affects your resistance to hostile enchantments.
   It makes you more stealthy.
 M - the ring "Demywn" {rPois Dex+3, unknown}
   (You found it on level 1 of the Tomb of the Ancients)

   [ring of poison resistance]

   It affects your dexterity (+3).
   It protects you from poison.
 Q - the ring "Tiqom" (left hand) {rPois rN+}
   (You found it on level 3 of the Crypt)

   [ring of positive energy]

   It protects you from poison.
   It protects you from negative energy.
Wands
 h - a wand of clouds (27)
 y - a wand of iceblast (53)
 B - a wand of polymorph (42)
 I - a wand of flame (127)
 J - a wand of paralysis (51)
 L - a wand of disintegration (11)
 N - a wand of enslavement (11)
 R - a wand of acid (20)
 Y - a wand of digging (6)
Scrolls
 m - a scroll of silence
 p - 5 scrolls of fog
 q - 4 scrolls of enchant weapon
 u - 29 scrolls of remove curse
 w - 2 scrolls of holy word
 x - 19 scrolls of teleportation
 E - 8 scrolls of magic mapping
 F - 3 scrolls of summoning
 P - 3 scrolls of identify
 U - 2 scrolls of enchant armour
 V - a scroll of blinking
Potions
 c - 6 potions of might
 d - 4 potions of resistance
 i - 14 potions of curing
 k - 4 potions of cancellation
 l - 6 potions of brilliance
 n - a potion of invisibility
 t - 10 potions of lignification
 v - 5 potions of flight
 G - 3 potions of berserk rage
 K - 2 potions of haste
 X - 5 potions of mutation
Miscellaneous
 j - 6 phantom mirrors
Comestibles
 f - 64 rations


   Skills:
 * Level 21.0(26.0) Fighting
 - Level 17.2(23.0) Axes
 - Level 9.4(19.4) Maces & Flails
 * Level 16.2(21.2) Armour
 - Level 25.0(27) Shields
 - Level 6.2 Invocations
 * Level 11.4 Evocations


You had 26 spell levels left.
You didn't know any spells.
Your spell library contained the following spells:

 Spells                   Type           Power        Failure   Level  Hunger
 Animate Skeleton         Necr           N/A          56%         1    ##.....
 Apportation              Tloc           #.....       56%         1    ##.....
 Beastly Appendage        Tmut           #.....       56%         1    ##.....
 Corona                   Hex            #......      56%         1    ##.....
 Foxfire                  Conj/Fire      #...         56%         1    ##.....
 Freeze                   Ice            #...         56%         1    ##.....
 Magic Dart               Conj           #...         56%         1    ##.....
 Pain                     Necr           #...         56%         1    ##.....
 Sandblast                Erth           #.....       56%         1    ##.....
 Shock                    Conj/Air       #...         56%         1    ##.....
 Sting                    Tmut/Pois      #...         56%         1    ##.....
 Summon Small Mammal      Summ           #...         56%         1    ##.....
 Blink                    Tloc           N/A          71%         2    ###....
 Call Imp                 Summ           #.......     71%         2    ###....
 Corpse Rot               Necr/Air       N/A          71%         2    ###....
 Ensorcelled Hibernation  Hex/Ice        #.....       71%         2    ###....
 Passwall                 Tmut/Erth      #.......     71%         2    ###....
 Poisonous Vapours        Pois/Air       #.....       71%         2    ###....
 Shroud of Golubria       Chrm/Tloc      #.....       71%         2    ###....
 Slow                     Hex            #.......     71%         2    ###....
 Sublimation of Blood     Necr           #.........   71%         2    ###....
 Swiftness                Chrm/Air       #.......     71%         2    ###....
 Confusing Touch          Hex            #.......     91%         3    ####...
 Conjure Flame            Conj/Fire      #.......     91%         3    ####...
 Dazzling Flash           Conj/Hex       #.....       91%         3    ####...
 Frozen Ramparts          Ice            #.....       91%         3    ####...
 Gell's Gravitas          Tloc           #.........   91%         3    ####...
 Ignite Poison            Fire/Tmut/Pois #.......     91%         3    ####...
 Inner Flame              Hex/Fire       #.......     91%         3    ####...
 Lesser Beckoning         Tloc           #.........   91%         3    ####...
 Mephitic Cloud           Conj/Pois/Air  #.......     91%         3    ####...
 Ozocubu's Armour         Chrm/Ice       #.......     91%         3    ####...
 Portal Projectile        Hex/Tloc       #.....       91%         3    ####...
 Spider Form              Tmut/Pois      #.........   91%         3    ####...
 Static Discharge         Conj/Air       #.......     91%         3    ####...
 Stone Arrow              Conj/Erth      #.....       91%         3    ####...
 Teleport Other           Tloc           #.......     91%         3    ####...
 Tukima's Dance           Hex            #.......     91%         3    ####...
 Vampiric Draining        Necr           #.........   91%         3    ####...
 Airstrike                Air            #.........   100%        4    #####..
 Cause Fear               Hex            #.........   100%        4    #####..
 Hailstorm                Conj/Ice       #.......     100%        4    #####..
 Ice Form                 Ice/Tmut       #.......     100%        4    #####..
 Iskenderun's Mystic Bla  Conj/Tloc      #.......     100%        4    #####..
 Leda's Liquefaction      Hex/Erth       #.........   100%        4    #####..
 Olgreb's Toxic Radiance  Pois           #.......     100%        4    #####..
 Passage of Golubria      Tloc           N/A          100%        4    #####..
 Petrify                  Tmut/Erth      #.......     100%        4    #####..
 Sticky Flame             Conj/Fire      #.......     100%        4    #####..
 Summon Ice Beast         Ice/Summ       #.......     100%        4    #####..
 Summon Lightning Spire   Summ/Air       #.......     100%        4    #####..
 Alistair's Intoxication  Tmut/Pois      #.......     100%        5    ######.
 Bolt of Magma            Conj/Fire/Erth #.........   100%        5    ######.
 Excruciating Wounds      Chrm/Necr      #.........   100%        5    ######.
 Fireball                 Conj/Fire      #.........   100%        5    ######.
 Irradiate                Conj/Tmut      #.........   100%        5    ######.
 Lee's Rapid Deconstruct  Erth           #.........   100%        5    ######.
 Lightning Bolt           Conj/Air       #.........   100%        5    ######.
 Metabolic Englaciation   Hex/Ice        #.........   100%        5    ######.
 Silence                  Hex/Air        #.........   100%        5    ######.
 Summon Forest            Summ/Tloc      #.........   100%        5    ######.
 Summon Mana Viper        Hex/Summ       #.......     100%        5    ######.
 Yara's Violent Unravell  Hex/Tmut       #.........   100%        5    ######.
 Conjure Ball Lightning   Conj/Air       #.........   100%        6    #######
 Darkness                 Hex            #.........   100%        6    #######
 Eringya's Noxious Bog    Tmut/Pois      #.........   100%        6    #######
 Freezing Cloud           Conj/Ice/Air   #.........   100%        6    #######
 Hydra Form               Tmut           #.........   100%        6    #######
 Invisibility             Hex            #.......     100%        6    #######
 Ozocubu's Refrigeration  Ice            #.........   100%        6    #######
 Simulacrum               Ice/Necr       #.........   100%        6    #######
 Dragon Form              Tmut           #.........   100%        7    #######
 Ring of Flames           Chrm/Fire      #.........   100%        7    #######
 Summon Hydra             Summ           #.........   100%        7    #######
 Chain Lightning          Conj/Air       #.........   100%        8    #######
 Controlled Blink         Tloc           N/A          100%        8    #######
 Ignition                 Fire           #.........   100%        8    #######
 Infestation              Necr           #.........   100%        8    #######
 Lehudib's Crystal Spear  Conj/Erth      #.........   100%        8    #######
 Absolute Zero            Ice            #.........   100%        9    #######
 Fire Storm               Conj/Fire      #.........   100%        9    #######
 Tornado                  Air            #.........   100%        9    #######


Dungeon Overview and Level Annotations

Branches:
Dungeon (15/15)            Temple (1/1) D:4            Lair (6/6) D:9
 Shoals (4/4) Lair:2        Snake (4/4) Lair:2        Slime (0/5) Lair:5
    Orc (2/2) D:10            Elf (3/3) Orc:2        Vaults (5/5) D:13
  Crypt (3/3) Vaults:2       Tomb (2/3) Crypt:3      Depths (5/5) D:15
    Zot (0/5) Depths:5     Bailey (visited)         Gauntlet (visited)

Altars:
Ashenzari
Cheibriados
Dithmenos
Elyvilon
Fedhas
Gozag
Hepliaklqana
Kikubaaqudgha
Makhleb
Nemelex Xobeh
Okawaru
Qazlal
Ru
Sif Muna
Trog
Uskayaw
Vehumet
Wu Jian
Xom
Yredelemnul
Zin
The Shining One
Beogh
Jiyva

Shops:
D:4 !(   D:11 *   D:15 [   Orc:2 ?!:[   Elf:1 ?[?[   Snake:4 =}=   Vaults:2 [
Vaults:5 !??   Depths:2 (((

Portals:
Hell: Depths:1 Depths:2 Depths:3 Depths:4 Depths:5
Abyss: Depths:1 Depths:4 Depths:5
Pandemonium: Depths:3 Depths:4
Ziggurat: Depths:3

Annotations:
D:3 3 runed translucent doors, Farlane's ghost, weakling DrFE
D:8 1 runed translucent door
D:15 exclusion: ice statue


Innate Abilities, Weirdness & Mutations

You have razor-sharp teeth.
You heal very quickly.
When hurt, damage is shared between your health and your magic reserves.
Your bite disrupts and absorbs the magic of your enemies.
Potions cannot restore your health.
You are immune to rotting.
You have a pair of small antennae on your head.
You can translocate small distances at will.
Scrolls take you a little longer to read.
You are robust. (+10% HP)
You expend magic power (3 MP) to strengthen your wands.


Message History

You hit the emperor scorpion.
The mummy priest calls on the powers of darkness!
The mana viper convulses! x2; The emperor scorpion convulses! x3
Your body is wracked with pain!
* * * LOW HITPOINT WARNING * * *
You closely miss the emperor scorpion. Your bite misses the emperor scorpion.
The emperor scorpion is almost dead.
You hit the emperor scorpion but do no damage.
The mana viper disappears in a puff of smoke!
The ynoxinul gestures.
You block the emperor scorpion's attack.
The emperor scorpion barely misses you. The emperor scorpion claws you.
* * * LOW HITPOINT WARNING * * *
You feel protected.
The ufetubus shouts!
You block the emperor scorpion's attack. x2
The emperor scorpion claws you but does no damage.
You block the emperor scorpion's attack.
The emperor scorpion claws you!
You die...

..)3......M........#
M....#..§#......L..#
...................#
.............8.M..#
.M.^.....M...S..#
....####§W.# ....
#8..# ....####s.§#
...3.M5@.s.#
.......ss§§#
##'#########


You could see 4 emperor scorpions, a flayed ghost (summoned), a guardian mummy,
an ushabti, a ynoxinul (summoned) and an ufetubus (summoned, wandering).

Vanquished Creatures
  2 ancient liches
  Khufu (Crypt:1)
  A juggernaut (Depths:4)
  2 greater mummies (Tomb:1)
  Bai Suzhen (Crypt:2)
  Boris (Tomb:1)
  Saint Roka (Depths:4)
  Vashnia (Snake:4)
  Nikola (Vaults:2)
  the Enchantress (Depths:2)
  2 golden dragons
  2 bone dragons
  9 liches
  Jorgrun (Shoals:3)
  3 tentacled monstrosities
  4 titans
  3 deep elf blademasters
  A deep elf master archer (Elf:3)
  A quicksilver dragon (shapeshifter) (Depths:5)
  14 sphinxes
  Polyphemus (Shoals:4)
  5 shadow dragons
  6 ancient champions
  7 storm dragons
  6 nagarajas
  6 fire giants
  11 tengu reavers
  A revenant (Crypt:2)
  A draconian scorcher (Depths:5)
  Aizul (Snake:4)
  5 frost giants
  An iron dragon (Depths:4)
  16 vault wardens
  4 curse skulls
  A draconian shifter (Depths:5)
  Louise (Shoals:3)
  7 deep elf sorcerers
  An orc warlord (Orc:1)
  9 ghouls
  12 ironheart preservers
  9 deep elf elementalists
  8 war gargoyles
  35 very ugly things
  4 spriggan defenders
  23 stone giants
  2 deep elf demonologists
  2 red draconians (Depths:5)
  4 entropy weavers
  A dire elephant (Lair:6)
  3 spark wasps (Depths:4)
  5 vampire knights
  A minotaur (Gauntlet)
  6 deep elf annihilators (Elf:3)
  3 white draconians (Depths:5)
  Snorg (Lair:4)
  An eidolon (Crypt:2)
  7 merfolk javelineers
  8 deep elf death magi
  The ghost of ioannis32 the Blocker, a journeyman DsBe of Trog (D:13)
  8 jiangshi
  11 fire dragons
  A green death (Depths:3)
  12 ettins
  25 yaktaur captains
  Josephine (Lair:4)
  8 merfolk impalers
  7 deep elf high priests
  32 vault guards
  10 mummy priests
  21 naga warriors
  Harold (D:7)
  7 rakshasas
  Fannar (D:10)
  5 great orbs of eyes
  3 catoblepae
  7 hydras
  9 ice dragons
  3 merfolk avatars
  A spriggan air mage (Depths:2)
  12 ogre magi
  3 merfolk aquamancers
  27 dancing weapons
  12 anacondas
  5 tengu warriors
  2 death knights
  22 centaur warriors
  2 satyrs
  37 two-headed ogres
  22 death yaks
  A two-headed ogre (shapeshifter) (Vaults:5)
  6 deep troll shamans
  6 deep troll earth magi
  11 vampire magi
  12 naga sharpshooters
  4 orc high priests
  8 spriggan berserkers
  Nergalle (D:11)
  6 shock serpents
  A soul eater (Crypt:1)
  4 iron trolls
  19 deep elf knights
  A shadow wraith (Crypt:2)
  A salamander mystic (Snake:4)
  2 storm dragon skeletons
  A titan skeleton (Crypt:3)
  11 hell knights
  A golden dragon zombie (Crypt:3)
  53 skeletal warriors
  21 sea snakes
  6 unseen horrors
  20 deep elf archers
  6 flayed ghosts
  21 deep trolls
  5 glowing orange brains
  A torturous demonspawn (Depths:3)
  5 naga ritualists
  7 wizards
  Pikel (D:4)
  A golden dragon skeleton (Crypt:3)
  13 ironbrand convokers
  A lindwurm (shapeshifter) (Elf:3)
  14 orc knights
  10 harpies
  11 phantasmal warriors
  A shadow dragon zombie (Depths:2)
  81 deep elf magi
  A wolf spider (Vaults:2)
  55 ugly things
  3 fauns (Shoals:2)
  5 necromancers
  9 salamanders
  A fire giant zombie (Crypt:1)
  9 mana vipers
  A frost giant zombie (Crypt:3)
  3 large abominations
  10 orc sorcerers
  10 cyclopes
  2 oklob plants (Lair:6)
  2 fire giant skeletons (Crypt:3)
  An iron dragon skeleton (Crypt:3)
  16 manticores
  6 merfolk sirens
  17 elephants
  A shining eye (shapeshifter) (Elf:3)
  3 water nymphs
  A guardian serpent (shapeshifter) (Depths:2)
  35 black mambas
  12 vault sentinels
  2 dire elephant zombies (Crypt:3)
  4 smoke demons (Crypt:3)
  15 guardian serpents
  5 gargoyles
  19 naga magi
  3 orange demons
  Joseph (D:8)
  A hellion (Depths:4)
  A spriggan zombie (Depths:2)
  5 kobold demonologists
  Maggie (D:9)
  A swamp worm zombie (Crypt:2)
  A purple draconian zombie (Crypt:1)
  A komodo dragon (shapeshifter) (Vaults:4)
  A catoblepas zombie (Crypt:1)
  10 spiny frogs
  30 yaktaurs
  4 rime drakes
  An iron troll zombie (Crypt:1)
  8 komodo dragons
  4 freezing wraiths
  A minotaur zombie (Gauntlet)
  An efreet (D:15)
  6 tengu conjurers
  5 guardian mummies
  2 hellwings (Depths:4)
  4 red devils
  An ice devil (Depths:3)
  2 queen bees (shapeshifter)
  A jumping spider (Vaults:2)
  2 polar bears
  10 trolls
  38 merfolk
  A polar bear (shapeshifter) (Vaults:2)
  3 meliai (Lair:5)
  Prince Ribbit (D:6)
  An alligator zombie (Crypt:1)
  A jumping spider (shapeshifter) (Vaults:5)
  2 queen bees
  4 wind drakes
  An ice dragon zombie (Crypt:1)
  6 hornets
  A shadow dragon simulacrum (Depths:1)
  A raiju (shapeshifter) (Vaults:3)
  31 slime creatures
  4 fire dragon zombies
  5 bog bodies (Crypt:2)
  5 dream sheep
  13 hippogriffs
  2 ettin zombies
  A guardian serpent zombie (Crypt:1)
  20 blink frogs
  A stone giant simulacrum (Vaults:3)
  A frost giant simulacrum (Depths:1)
  A hippogriff (shapeshifter) (Vaults:5)
  10 redbacks
  10 snapping turtles
  19 flying skulls
  3 air elementals
  21 water elementals
  A redback (shapeshifter) (Vaults:5)
  4 spriggans
  6 shadows
  2 tarantellas (D:15)
  17 wraiths
  2 fire dragon skeletons
  An ice dragon skeleton (Crypt:1)
  3 fire elementals
  2 yaks (shapeshifter)
  5 vampires
  4 wyverns
  A hungry ghost (Crypt:3)
  6 ushabtiu (Tomb:1)
  54 yaks
  2 humans (D:13)
  6 basilisks
  3 hogs (shapeshifter)
  5 steam dragons (Shoals:4)
  14 vampire mosquitoes
  11 wargs
  3 yaktaur simulacra
  5 acid dragons
  A soldier ant (D:13)
  56 nagas
  9 porcupines
  8 water moccasins
  3 human skeletons
  A floating eye (Depths:2)
  Duvessa (D:5)
  7 ice beasts
  3 necrophages
  56 orc warriors
  2 manticore zombies
  2 phantoms
  An ogre (shapeshifter) (Depths:4)
  2 sky beasts
  4 black bears
  20 boggarts
  An eye of draining (shapeshifter) (Depths:2)
  20 wolves
  21 centaurs
  26 ogres
  17 crocodiles
  A snapping turtle skeleton (Crypt:3)
  An elf simulacrum (Vaults:1)
  6 big kobolds
  4 earth elementals
  17 bullfrogs
  2 wyvern zombies
  A komodo dragon skeleton (Crypt:2)
  Dowan (D:5)
  A water moccasin zombie (D:6)
  2 wyvern skeletons
  A glowing shapeshifter simulacrum (Vaults:1)
  5 scorpions
  7 small abominations
  26 killer bees
  10 wights
  8 howler monkeys
  6 electric eels
  A bullfrog zombie (Crypt:2)
  8 centaur zombies
  11 crimson imps
  3 bullfrog skeletons
  4 centaur skeletons
  31 orc priests
  7 hounds
  4 jellies
  5 iguanas
  52 orc wizards
  13 worker ants
  A killer bee zombie (D:10)
  A sky beast zombie (Crypt:1)
  A felid zombie (Crypt:2)
  A big kobold skeleton (Crypt:1)
  A felid skeleton (Crypt:1)
  A hound zombie (D:6)
  3 hound skeletons
  13 mummies
  A howler monkey zombie (D:9)
  2 gnolls (Bailey)
  11 adders
  2 shadow imps
  5 oozes
  An iguana skeleton (Crypt:2)
  2 adder skeletons
  A halfling skeleton (Crypt:1)
  3 worms
  3 dart slugs
  6 leopard geckos
  146 orcs
  6 bats
  8 giant cockroaches
  27 goblins
  18 hobgoblins
  4 jackals (D:3)
  6 quokkas
  2 ball pythons
  A ball python skeleton (Crypt:2)
  2 frilled lizards
  2 jackal skeletons
  A jackal zombie (D:7)
  29 kobolds
  A leopard gecko skeleton (D:5)
  A quokka skeleton (D:4)
  5 rats
  A rat skeleton (Crypt:2)
  3 crawling corpses (Elf:3)
  A fungus (Lair:6)
  9 plants
2520 creatures vanquished.

Vanquished Creatures (collateral kills)
  A golden dragon (Depths:4)
  A frost giant (Depths:4)
  An anaconda (Snake:3)
  A naga mage (Snake:3)
  5 black mambas (Snake:3)
9 creatures vanquished.

Vanquished Creatures (others)
  A lich (Depths:2)
  A nagaraja (Snake:4)
  A merfolk aquamancer (Shoals:4)
  A death yak (Lair:6)
  A deep elf archer (Elf:2)
  2 harpies (Shoals:4)
  A deep elf mage (Elf:2)
  A black mamba (Snake:3)
  A vault sentinel (Vaults:5)
  2 naga magi
  A slave (D:4)
  A necrophage (Crypt:2)
  A centaur (Vaults:3)
  A bullfrog (Lair:4)
  An orc wizard (Orc:2)
  3 orcs
  A quokka (D:4)
  A kobold (D:13)
  A bush (Lair:6)
  24 fungi
  23 plants
70 creatures vanquished.

Grand Total: 2599 creatures vanquished

Notes
Turn   | Place    | Note
-------+----------+-------------------------------------------
     0 | D:1      | Maadim the Vine Stalker Fighter began the quest for the
                  | Orb.
     0 | D:1      | Reached XP level 1. HP: 11/11 MP: 2/2
    92 | D:1      | Reached XP level 2. HP: 16/16 MP: 3/3
   281 | D:1      | Reached skill level 3 in Shields
   434 | D:1      | Reached XP level 3. HP: 17/20 MP: 4/4
  1221 | D:2      | Gained mutation: Your natural rate of healing is unusually
                  | fast. [Vine Stalker growth]
  1221 | D:2      | Reached XP level 4. HP: 20/24 MP: 5/5
  1394 | D:2      | Found a sparkling altar of Nemelex Xobeh.
  1758 | D:3      | Found a stormy altar of Qazlal.
  1761 | D:3      | Found a snail-covered altar of Cheibriados.
  1764 | D:3      | Found a glowing silver altar of Zin.
  1782 | D:3      | Found a shimmering altar of Xom.
  1842 | D:3      | Found a runed translucent gate.
  1842 | D:3      | Found a runed translucent gate.
  1842 | D:3      | Found a runed translucent gate.
  1847 | D:3      | Noticed Farlane's ghost (weakling DrFE)
  1897 | D:3      | Found a roughly hewn altar of Beogh.
  2093 | D:3      | Reached XP level 5. HP: 28/28 MP: 6/6
  2375 | D:4      | Noticed Pikel
  2375 | D:4      | Noticed a slave
  2375 | D:4      | Noticed a slave
  2375 | D:4      | Noticed a slave
  2375 | D:4      | Noticed a slave
  2412 | D:4      | Killed Pikel
  2412 | D:4      | Reached skill level 5 in Axes
  2412 | D:4      | Reached skill level 4 in Shields
  2412 | D:4      | Reached XP level 6. HP: 24/33 MP: 5/7
  2412 | D:4      | Reached XP level 7. HP: 27/37 MP: 5/8
  2486 | D:4      | Found Emien's Distillery.
  2716 | D:4      | Found a staircase to the Ecumenical Temple.
  2733 | D:4      | Gained mutation: You have razor-sharp teeth. [Vine Stalker
                  | growth]
  2733 | D:4      | Reached XP level 8. HP: 42/42 MP: 9/9
  2739 | Temple   | Entered the Ecumenical Temple
  2978 | D:4      | Found Yliatwor's Weapon Shop.
  3075 | D:5      | Entered Level 5 of the Dungeon
  3245 | D:5      | Noticed Duvessa
  3258 | D:5      | Noticed Dowan
  3260 | D:5      | Killed Duvessa
  3274 | D:5      | Killed Dowan
  3482 | D:5      | Gained mutation: You have a pair of small horns on your
                  | head. [potion of mutation]
  3482 | D:5      | Gained mutation: You have sharp toenails. [potion of
                  | mutation]
  3790 | D:5      | Got a slimy whip
  3849 | D:6      | Noticed a yak
  3852 | D:6      | Noticed a yak
  3852 | D:6      | Noticed a yak
  3853 | D:6      | Noticed a yak
  3863 | D:6      | Killed a yak
  3863 | D:6      | Reached skill level 5 in Shields
  3871 | D:6      | Killed a yak
  3871 | D:6      | Reached XP level 9. HP: 25/46 MP: 5/10
  4021 | D:6      | Noticed Prince Ribbit
  4041 | D:6      | Killed Prince Ribbit
  4041 | D:6      | Reached skill level 5 in Fighting
  4045 | D:6      | Reached skill level 5 in Armour
  4849 | D:7      | Found a blossoming altar of Fedhas.
  4880 | D:7      | Noticed Harold
  4892 | D:7      | Killed Harold
  4892 | D:7      | Reached skill level 6 in Shields
  4892 | D:7      | Reached XP level 10. HP: 42/51 MP: 8/11
  4895 | D:7      | Found a flagged portal.
  4901 | Bailey   | Entered a bailey
  4936 | Bailey   | Found an iron altar of Okawaru.
  4936 | Bailey   | Noticed a kobold demonologist
  4936 | Bailey   | Noticed an orc high priest
  4940 | Bailey   | Found the +3 robe of Folly {Archmagi, MR-- Int+5}
  4944 | Bailey   | Killed an orc high priest
  4950 | Bailey   | Killed a kobold demonologist
  5055 | Bailey   | Noticed an orc knight
  5069 | Bailey   | Killed an orc knight
  5069 | Bailey   | Reached skill level 10 in Axes
  5339 | Bailey   | Noticed an orc knight
  5359 | Bailey   | Killed an orc knight
  5454 | Bailey   | Noticed an orc knight
  5464 | Bailey   | Killed an orc knight
  5464 | Bailey   | Reached skill level 7 in Shields
  5533 | Bailey   | Lost mutation: You have a pair of small horns on your head.
                  | [potion of mutation]
  5533 | Bailey   | Gained mutation: You are clumsy. (Dex -2) [potion of
                  | mutation]
  5533 | Bailey   | Gained mutation: You have a pair of small antennae on your
                  | head. [potion of mutation]
  5533 | Bailey   | Gained mutation: Your system is resistant to poisons.
                  | (rPois) [potion of mutation]
  5533 | Bailey   | Gained mutation: You expend magic power (3 MP) to
                  | strengthen your wands. [potion of mutation]
  5810 | Bailey   | Became a worshipper of Warmaster Okawaru
  5846 | D:7      | Acquired 510 gold pieces
  5848 | D:7      | Identified the +2 whip of Disarray {vorpal, Fragile rF++
                  | MR++ Int+4} (You found it on level 5 of the Dungeon)
  6265 | D:7      | Reached XP level 11. HP: 58/58 MP: 12/12
  6561 | D:8      | Found a sparkling altar of Nemelex Xobeh.
  6609 | D:8      | Reached skill level 1 in Maces & Flails
  6666 | D:8      | Noticed Joseph
  6677 | D:8      | Killed Joseph
  7177 | D:8      | Reached * piety under Okawaru
  7274 | D:8      | Found a runed translucent door.
  7274 | D:8      | Noticed a wolf spider
  7274 | D:8      | Noticed a cyclops
  7277 | D:8      | Noticed a fire dragon
  7277 | D:8      | Noticed a centaur warrior
  7587 | D:9      | Noticed Maggie
  7601 | D:9      | Killed Maggie
  7626 | D:9      | Noticed a centaur warrior
  7633 | D:9      | Killed a centaur warrior
  7633 | D:9      | Reached ** piety under Okawaru
  7699 | D:9      | Noticed a two-headed ogre
  7706 | D:9      | Killed a two-headed ogre
  7761 | D:9      | Found an opulent altar of Gozag.
  7795 | D:9      | Noticed a brown ugly thing
  7818 | D:9      | Killed a brown ugly thing
  7898 | D:9      | Reached skill level 8 in Shields
  7906 | D:9      | Got a smoking scale mail
  7917 | D:9      | Identified the +1 scale mail "Hirio" {Str+3 Dex+3} (You
                  | found it on level 9 of the Dungeon)
  7951 | D:9      | Found a staircase to the Lair.
  7993 | D:9      | Reached *** piety under Okawaru
  8226 | D:9      | Found an iron altar of Okawaru.
  8329 | D:10     | Entered Level 10 of the Dungeon
  8457 | D:10     | Noticed a deep elf mage
  8463 | D:10     | Killed a deep elf mage
  8463 | D:10     | Reached **** piety under Okawaru
  8500 | D:10     | Gained mutation: You heal very quickly. [Vine Stalker
                  | growth]
  8500 | D:10     | Reached XP level 12. HP: 38/63 MP: 13/13
  8920 | D:10     | Found a roughly hewn altar of Beogh.
  8920 | D:10     | Found a staircase to the Orcish Mines.
  8922 | D:10     | Noticed Fannar
  9026 | D:10     | Killed Fannar
  9060 | D:10     | Reached skill level 9 in Shields
  9088 | D:10     | Noticed a two-headed ogre
  9097 | D:10     | Killed a two-headed ogre
  9097 | D:10     | Reached ***** piety under Okawaru
  9473 | D:11     | Received a gift from Okawaru
  9479 | D:11     | Reached skill level 5 in Maces & Flails
  9522 | D:11     | Found Yprotear's Demolitions Depot.
  9898 | D:11     | Noticed Nergalle
  9916 | D:11     | Killed Nergalle
 10246 | D:12     | Received a gift from Okawaru
 10389 | D:12     | Noticed a two-headed ogre
 10398 | D:12     | Killed a two-headed ogre
 10444 | D:12     | Received a gift from Okawaru
 10478 | D:12     | Noticed a sun demon
 10599 | D:12     | Noticed a two-headed ogre
 10608 | D:12     | Killed a two-headed ogre
 10608 | D:12     | Reached XP level 13. HP: 32/68 MP: 14/14
 10670 | D:12     | Reached skill level 10 in Shields
 10687 | D:12     | Reached ****** piety under Okawaru
 11013 | D:13     | Noticed a vault guard
 11331 | D:13     | Received a gift from Okawaru
 11398 | D:13     | Identified the Compendium of Earth
 11406 | D:13     | Got a translucent hand crossbow
 11788 | D:13     | Found a runed translucent door.
 11798 | D:13     | Received a gift from Okawaru
 11799 | D:13     | Noticed ioannis32's ghost (journeyman DsBe)
 11846 | D:13     | Killed ioannis32's ghost
 12024 | D:13     | Reached skill level 11 in Shields
 12080 | D:13     | Found a gate to the Vaults.
 12080 | D:13     | Noticed a vault guard
 12081 | D:13     | Noticed a vault guard
 12093 | D:13     | Killed a vault guard
 12109 | D:13     | Killed a vault guard
 12109 | D:13     | Reached XP level 14. HP: 72/75 MP: 13/15
 12343 | D:14     | Received a gift from Okawaru
 12759 | D:14     | Received a gift from Okawaru
 13417 | D:14     | Reached skill level 12 in Shields
 13673 | D:14     | Lost mutation: Your system is resistant to poisons. (rPois)
                  | [potion of mutation]
 13673 | D:14     | Lost mutation: You have sharp toenails. [potion of
                  | mutation]
 13673 | D:14     | Gained mutation: You can translocate small distances at
                  | will. [potion of mutation]
 13673 | D:14     | Lost mutation: You are clumsy. (Dex -2) [potion of
                  | mutation]
 13673 | D:14     | Gained mutation: You are robust. (+10% HP) [potion of
                  | mutation]
 13681 | D:15     | Entered Level 15 of the Dungeon
 13807 | D:15     | Received a gift from Okawaru
 14046 | D:15     | Reached skill level 10 in Fighting
 14162 | D:15     | Found a staircase to the Depths.
 14189 | D:15     | Found Nyloinupp's Antique Armour Shop.
 14401 | D:15     | Reached XP level 15. HP: 88/88 MP: 16/16
 14600 | D:15     | Acquired 880 gold pieces
 15173 | Depths:1 | Entered Level 1 of the Depths
 15173 | Depths:1 | Noticed a fire giant
 15320 | Orc:1    | Entered Level 1 of the Orcish Mines
 15722 | Orc:1    | Noticed an orc warlord
 15836 | Orc:1    | Killed an orc warlord
 16128 | Orc:1    | Found a roughly hewn altar of Beogh.
 16444 | Orc:1    | Found a roughly hewn altar of Beogh.
 16464 | Orc:1    | Reached skill level 13 in Shields
 16579 | Orc:2    | Entered Level 2 of the Orcish Mines
 16844 | Orc:2    | Received a gift from Okawaru
 17173 | Orc:2    | Found Miannih's Antique Armour Shoppe.
 17179 | Orc:2    | Reached skill level 10 in Armour
 17211 | Orc:2    | Found Jezir's Book Shop.
 17331 | Orc:2    | Found a roughly hewn altar of Beogh.
 17369 | Orc:2    | Found Ibaall's Magic Scroll Shop.
 17392 | Orc:2    | Found Vobleir's Distillery.
 17416 | Orc:2    | Received a gift from Okawaru
 17511 | Orc:2    | Found a staircase to the Elven Halls.
 17548 | Orc:2    | Bought a scroll of acquirement for 832 gold pieces
 17693 | Orc:2    | Found a radiant altar of Vehumet.
 17707 | Orc:2    | Acquired the +0 pair of boots of Greater Demons {rC- rN+
                  | Str+6 Int+4 SInv}
 18225 | Lair:1   | Entered Level 1 of the Lair of Beasts
 18732 | Lair:1   | Reached skill level 14 in Shields
 19124 | Lair:2   | Got a warped glass ring
 19206 | Lair:2   | Found a staircase to the Shoals.
 19230 | Lair:2   | Received a gift from Okawaru
 19247 | Lair:1   | Identified the ring of Yendor {Wiz +Inv} (You found it on
                  | level 2 of the Lair of Beasts)
 19253 | Lair:1   | Identified the +5 hand crossbow "Uruf" {penet, rPois} (You
                  | found it on level 13 of the Dungeon)
 19353 | Lair:2   | Reached XP level 16. HP: 94/94 MP: 17/17
 19504 | Lair:2   | Got a polished hand axe
 19505 | Lair:2   | Identified the +11 hand axe "Ogreslayer" {vamp, *Corrode
                  | +Blink rPois Dex+2} (You found it on level 2 of the Lair of
                  | Beasts)
 19527 | Lair:2   | Found a staircase to the Snake Pit.
 20762 | Lair:4   | Noticed Snorg
 20776 | Lair:4   | Killed Snorg
 20982 | Lair:4   | Noticed Josephine
 20996 | Lair:4   | Killed Josephine
 21785 | Lair:5   | Found a viscous altar of Jiyva.
 21785 | Lair:5   | Found a staircase to the Slime Pits.
 21869 | Lair:5   | Got a pair of polished gloves
 21870 | Lair:5   | Identified the -4 pair of gloves "Naxzob" {-Tele Str+2
                  | Dex+6} (You found it on level 5 of the Lair of Beasts)
 22031 | Lair:5   | Found a gate leading to a gauntlet.
 22040 | Gauntlet | Entered a Gauntlet
 22040 | Gauntlet | Found a transporter.
 22040 | Gauntlet | Found a transporter.
 22040 | Gauntlet | Found a transporter.
 22062 | Gauntlet | Found a transporter.
 22072 | Gauntlet | Found a transporter.
 22076 | Gauntlet | Found a transporter.
 22086 | Gauntlet | Found a transporter.
 22107 | Gauntlet | Found a transporter.
 22124 | Gauntlet | Found a transporter.
 22128 | Gauntlet | Found a transporter.
 22138 | Gauntlet | Found a transporter.
 22142 | Gauntlet | Found a transporter.
 22304 | Gauntlet | Reached skill level 15 in Shields
 22408 | Gauntlet | Got a pair of steaming gloves
 22413 | Gauntlet | Got a smoking cloak
 22513 | Lair:5   | Identified the +4 cloak of Atheism {rC+ Int+4} (You found
                  | it in a Gauntlet)
 22514 | Lair:5   | Identified the +1 pair of gloves of Anikkaab {rPois MP+9
                  | Dex-5 Stlth+} (You found it in a Gauntlet)
 22712 | Lair:6   | Entered Level 6 of the Lair of Beasts
 22723 | Lair:6   | Received a gift from Okawaru
 23146 | Lair:6   | Reached XP level 17. HP: 100/100 MP: 18/18
 23998 | Lair:6   | Received a gift from Okawaru
 24030 | Lair:6   | Got a bronze scale mail
 24044 | Lair:6   | Identified the cursed +1 scale mail of Action {*Contam
                  | Regen+ Str+5} (You found it on level 6 of the Lair of
                  | Beasts)
 24351 | Snake:1  | Entered Level 1 of the Snake Pit
 24861 | Snake:1  | Reached skill level 16 in Shields
 25146 | Snake:2  | Received a gift from Okawaru
 25160 | Snake:2  | Got an ancient chain mail {god gift}
 25821 | Snake:3  | Reached skill level 1 in Invocations
 25864 | Snake:3  | Reached XP level 18. HP: 87/107 MP: 20/20
 26027 | Snake:3  | Got a glittering amber ring
 26047 | Snake:3  | Acquired 860 gold pieces
 26328 | Snake:4  | Entered Level 4 of the Snake Pit
 26388 | Snake:4  | Received a gift from Okawaru
 26493 | Snake:4  | Noticed Aizul
 26511 | Snake:4  | Killed Aizul
 26666 | Snake:4  | Reached skill level 17 in Shields
 26859 | Snake:4  | Noticed Vashnia
 26918 | Snake:4  | Killed Vashnia
 26962 | Snake:4  | Found Julasel's Jewellery Shoppe.
 26963 | Snake:4  | Found Forriquf's Gadget Shop.
 26964 | Snake:4  | Found Biph's Jewellery Shoppe.
 26974 | Snake:4  | Identified the ring "Xoumop" {rElec rC- MR++ Dex-3 Slay+4
                  | Stlth+} (You found it on level 3 of the Snake Pit)
 27262 | Snake:4  | Received a gift from Okawaru
 27423 | Snake:4  | Reached XP level 19. HP: 112/113 MP: 23/23
 27438 | Snake:4  | Got a serpentine rune of Zot
 27726 | Lair:2   | Identified the +2 chain mail of Weythy {rF- rC- Str+4
                  | Dex+7} (Okawaru gifted it to you on level 2 of the Snake
                  | Pit)
 28338 | Vaults:1 | Entered Level 1 of the Vaults
 28535 | Depths:1 | Reached skill level 15 in Axes
 28593 | Depths:1 | Reached skill level 18 in Shields
 28665 | Depths:1 | Found a one-way gate to the infinite horrors of the Abyss.
 28738 | Depths:1 | Noticed a lich
 28755 | Depths:1 | Killed a lich
 28755 | Depths:1 | Received a gift from Okawaru
 28760 | Depths:1 | Reached skill level 5 in Invocations
 29150 | Depths:1 | Found a gateway to Hell.
 29298 | Depths:2 | Noticed a lich
 29360 | Depths:2 | Found Gozag's Antique Weapon Shop.
 29387 | Depths:2 | Noticed a golden dragon
 29388 | Depths:2 | Found Gozag's Antique Weapon Shop.
 29388 | Depths:2 | Found an opulent altar of Gozag.
 29393 | Depths:2 | Found Gozag's Antique Weapon Boutique.
 29445 | Depths:2 | Noticed the Enchantress
 29478 | Depths:2 | Killed the Enchantress
 29478 | Depths:2 | Received a gift from Okawaru
 29843 | Depths:2 | Received a gift from Okawaru
 29878 | Depths:2 | Reached XP level 20. HP: 121/121 MP: 25/25
 29957 | Depths:2 | Got a dazzling ring mail {god gift}
 29980 | Depths:2 | Identified the +0 ring mail of Diofrun {rCorr} (Okawaru
                  | gifted it to you on level 2 of the Depths)
 30103 | Depths:2 | Killed a golden dragon
 30391 | Depths:2 | Found a hide-covered altar of Uskayaw.
 30632 | Depths:3 | Found a gateway to a ziggurat.
 30660 | Depths:3 | Found a one-way gate leading to the halls of Pandemonium.
 30755 | Depths:3 | Reached skill level 1 in Evocations
 31056 | Depths:3 | Reached skill level 19 in Shields
 31377 | Depths:3 | Received a gift from Okawaru
 31771 | Depths:4 | Noticed a juggernaut
 31800 | Depths:4 | Killed a juggernaut
 31800 | Depths:4 | Reached XP level 21. HP: 127/127 MP: 24/26
 31872 | Depths:4 | Found a runed translucent door.
 31872 | Depths:4 | Noticed a golden dragon
 31885 | Depths:4 | Killed a golden dragon
 31896 | Depths:4 | Found a runed translucent door.
 32011 | Depths:4 | Identified the amulet "Genomaz" {Regen+ Int+3}
 32012 | Depths:4 | Noticed a golden dragon
 32048 | Depths:4 | Received a gift from Okawaru
 32057 | Depths:4 | Got a bloodstained executioner's axe {god gift}
 32312 | Depths:4 | Noticed Saint Roka
 32344 | Depths:4 | Killed Saint Roka
 32721 | Depths:4 | Killed a golden dragon
 32754 | Depths:4 | Reached skill level 15 in Fighting
 32897 | Depths:5 | Entered Level 5 of the Depths
 33073 | Depths:5 | Reached skill level 20 in Shields
 33119 | Depths:5 | Found a shattered altar of Ashenzari.
 33523 | Depths:5 | Noticed a bone dragon
 33568 | Depths:5 | Found a gate to the Realm of Zot.
 33574 | Depths:5 | Received a gift from Okawaru
 33574 | Depths:5 | Reached XP level 22. HP: 134/134 MP: 27/27
 33597 | Depths:5 | Reached skill level 5 in Evocations
 34774 | Vaults:1 | Identified the +7 executioner's axe of the Owl {freeze,
                  | rC++ MR+++ Dex-3} (Okawaru gifted it to you on level 4 of
                  | the Depths)
 35378 | Vaults:1 | Received a gift from Okawaru
 36216 | Vaults:2 | Found a staircase to the Crypt.
 36521 | Vaults:2 | Noticed Nikola
 36550 | Vaults:2 | Killed Nikola
 36563 | Vaults:2 | Identified the +8 trident of Moyligge {freeze, rPois Str+4
                  | Int+3}
 36601 | Vaults:2 | Received a gift from Okawaru
 36609 | Vaults:2 | Got a twisted scale mail {god gift}
 36611 | Vaults:2 | Identified the +1 scale mail of the Thinker {Harm Str-5
                  | Stlth+} (Okawaru gifted it to you on level 2 of the Vaults)
 36655 | Vaults:2 | Reached XP level 23. HP: 130/140 MP: 28/28
 36702 | Vaults:2 | Got a twitching bone amulet
 36718 | Vaults:2 | Identified the Collected Works on Changing
 37133 | Vaults:2 | Found Semugiof's Armour Emporium.
 37147 | Vaults:2 | Reached skill level 21 in Shields
 38593 | Vaults:3 | Received a gift from Okawaru
 38599 | Vaults:3 | Got a dazzling morningstar {god gift}
 38604 | Vaults:3 | Identified the +8 morningstar "Dragon's Demise" {pain,
                  | rPois rC+ Str+4} (Okawaru gifted it to you on level 3 of
                  | the Vaults)
 38707 | Vaults:4 | Found the +8 frozen axe "Frostbite" {freezing cloud, *Noise
                  | +Fly rC+}
 38863 | Vaults:4 | Acquired 870 gold pieces
 38866 | Vaults:4 | Acquired 2160 gold pieces
 38871 | Vaults:4 | Acquired the amulet of Pacococlel {+Fly MR+ Regen+}
 40128 | Vaults:4 | Identified the amulet of Mirth {Spirit rElec rN+++ Int-2
                  | Dex+4} (You found it on level 2 of the Vaults)
 40138 | Vaults:5 | Entered Level 5 of the Vaults
 40172 | Vaults:5 | Reached skill level 22 in Shields
 40178 | Vaults:5 | Reached XP level 24. HP: 148/148 MP: 29/29
 40210 | Vaults:5 | Received a gift from Okawaru
 40231 | Vaults:5 | Got a fine hand axe {god gift}
 40234 | Vaults:5 | Identified the +1 hand axe of Strategic Superiority {speed,
                  | *Noise rF++ MR++} (Okawaru gifted it to you on level 5 of
                  | the Vaults)
 40624 | Vaults:5 | Identified the Handbook of the Snowflakes
 40714 | Vaults:5 | Identified the Collected Works on Blistering Feathers
 40822 | Vaults:5 | Received a gift from Okawaru
 40840 | Vaults:5 | Found Vukkuuf's Magic Scroll Shoppe.
 40848 | Vaults:5 | Noticed an ancient lich
 40864 | Vaults:5 | Killed an ancient lich
 40953 | Vaults:5 | Bought a scroll of identify for 34 gold pieces
 41217 | Vaults:5 | Reached skill level 23 in Shields
 41231 | Vaults:5 | Reached XP level 25. HP: 144/155 MP: 30/30
 41424 | Vaults:5 | Identified Sif Muna's Catalogue of Creation and the
                  | Volcanoes
 41562 | Vaults:5 | Found Haeddaul's Distillery.
 41587 | Vaults:5 | Got a silver rune of Zot
 41603 | Vaults:5 | Found Kohagirch's Magic Scroll Emporium.
 41607 | Vaults:5 | Bought a scroll of identify for 26 gold pieces
 41607 | Vaults:5 | Bought a scroll of identify for 26 gold pieces
 41607 | Vaults:5 | Bought a scroll of acquirement for 676 gold pieces
 41607 | Vaults:5 | Bought a scroll of summoning for 123 gold pieces
 41613 | Vaults:5 | Acquired 820 gold pieces
 41946 | Shoals:1 | Entered Level 1 of the Shoals
 42731 | Shoals:2 | Received a gift from Okawaru
 43524 | Shoals:3 | Noticed Louise
 43540 | Shoals:3 | Killed Louise
 43656 | Shoals:3 | Noticed Jorgrun
 43663 | Shoals:3 | Killed Jorgrun
 43973 | Shoals:4 | Entered Level 4 of the Shoals
 44132 | Shoals:4 | Got a barnacled rune of Zot
 44159 | Shoals:4 | Noticed Polyphemus
 44172 | Shoals:4 | Killed Polyphemus
 44940 | Shoals:4 | Identified the Papyrus of Dislocated Venom
 45322 | Elf:1    | Entered Level 1 of the Elven Halls
 45382 | Elf:1    | Found Gushocuj's Magic Scroll Emporium.
 45391 | Elf:1    | Bought a scroll of identify for 38 gold pieces
 45391 | Elf:1    | Bought a scroll of identify for 38 gold pieces
 45796 | Elf:1    | Reached skill level 24 in Shields
 45800 | Elf:1    | Found Pizxagag's Magic Scroll Emporium.
 45809 | Elf:1    | Bought a scroll of identify for 38 gold pieces
 45809 | Elf:1    | Bought a scroll of identify for 38 gold pieces
 45809 | Elf:1    | Bought a scroll of identify for 38 gold pieces
 45858 | Elf:1    | Found Cograz's Antique Armour Shoppe.
 45861 | Elf:1    | Bought a masterwork scale mail for 243 gold pieces
 45861 | Elf:1    | Identified the cursed +1 scale mail of the Volcano {rF+
                  | Regen+ SInv} (You bought it in a shop on level 1 of the
                  | Elven Halls)
 45885 | Elf:1    | Found Yrimmuext's Antique Armour Shoppe.
 45894 | Elf:1    | Received a gift from Okawaru
 46011 | Elf:2    | Found a shimmering blue altar of Sif Muna.
 46374 | Elf:2    | Found an ancient bone altar of Kikubaaqudgha.
 46523 | Elf:2    | Found a runed translucent gate.
 46526 | Elf:2    | Found a runed translucent gate.
 46526 | Elf:2    | Found a runed translucent gate.
 46537 | Elf:2    | Reached XP level 26. HP: 161/161 MP: 31/31
 46959 | Elf:3    | Entered Level 3 of the Elven Halls
 47002 | Elf:3    | Gained mutation: Scrolls take you a little longer to read.
                  | [a shining eye]
 47637 | Elf:3    | Received a gift from Okawaru
 47637 | Elf:3    | Reached skill level 10 in Evocations
 47638 | Elf:3    | Reached skill level 15 in Armour
 47685 | Elf:3    | Identified the +2 pair of gloves "Xuillecs" {Str+4}
                  | (Okawaru gifted it to you on level 3 of the Elven Halls)
 47745 | Elf:3    | Found the +9 heavy crossbow "Sniper" {vorpal, Acc+∞ SInv}
 47755 | Elf:3    | Identified the Reference Book on the Volcanoes and Curses
 47772 | Elf:3    | Identified the Volume of Displaced Necromancy
 47817 | Elf:3    | Identified the ring "Maseil" {Fire rPois} (You found it on
                  | level 3 of the Elven Halls)
 47827 | Elf:3    | Identified the +7 hand crossbow "Zimioppe" {flame, Dex+2}
                  | (You found it on level 3 of the Elven Halls)
 47831 | Elf:3    | Identified the +6 fustibalus of Cheibriados's Grace
                  | {freeze, Int+3} (You found it on level 3 of the Elven
                  | Halls)
 47908 | Elf:3    | Identified the ring of the Vendetta {+Fly rPois Stlth-}
 47993 | Elf:3    | Identified the +8 whip of the Realm of Zot {protect, Dex+2
                  | Stlth+} (You found it on level 3 of the Elven Halls)
 48003 | Elf:3    | Identified the +8 chain mail "Caduwiel" {rCorr Str+2 Dex+3}
                  | (You found it on level 3 of the Elven Halls)
 48011 | Elf:3    | Identified the +3 arbalest of the Wraith {penet, rElec rF++
                  | MR++} (You found it on level 3 of the Elven Halls)
 48530 | Depths:2 | Bought a pitted mace for 800 gold pieces
 48532 | Depths:2 | Identified the +7 mace of the Three Coins {freeze, Int+3}
                  | (You bought it in a shop on level 2 of the Depths)
 49167 | Crypt:1  | Entered Level 1 of the Crypt
 49287 | Crypt:1  | Found a basalt altar of Yredelemnul.
 49296 | Crypt:1  | Noticed Khufu
 49311 | Crypt:1  | Killed Khufu
 49578 | Crypt:1  | Reached skill level 25 in Shields
 50190 | Crypt:2  | Noticed Bai Suzhen
 50208 | Crypt:2  | Killed Bai Suzhen
 50252 | Crypt:2  | Reached XP level 27. HP: 109/169 MP: 31/31
 50263 | Crypt:2  | Identified the cursed +0 scythe "Meefoc" {vorpal, *Rage rF+
                  | rN+} (You found it on level 2 of the Crypt)
 50405 | Crypt:2  | Received a gift from Okawaru
 50904 | Crypt:3  | Entered Level 3 of the Crypt
 51180 | Crypt:3  | Got a slimy platinum ring
 51183 | Crypt:3  | Identified the ring "Tiqom" {rPois rN+} (You found it on
                  | level 3 of the Crypt)
 51185 | Crypt:3  | Identified the ring "Sipni" {rElec rN+ MR++ Str-3 Int-2}
                  | (You found it on level 3 of the Crypt)
 51483 | Crypt:3  | Identified the cursed +2 scimitar "Menilyco" {drain,
                  | Fragile +Rage rF+++ rN+} (You found it on level 3 of the
                  | Crypt)
 51781 | Crypt:3  | Identified the Tome of Black Rites
 51893 | Crypt:3  | Found a staircase to the Tomb.
 52018 | Crypt:3  | Found an ancient bone altar of Kikubaaqudgha.
 52033 | Crypt:3  | Noticed an ancient lich
 52040 | Crypt:3  | Killed an ancient lich
 52062 | Crypt:3  | Got a vibrating iron amulet
 52073 | Crypt:3  | Identified the amulet of the King {Faith *Slow MP+9 Int+6
                  | SInv} (You found it on level 3 of the Crypt)
 52603 | Tomb:1   | Entered Level 1 of the Tomb of the Ancients
 52648 | Tomb:1   | Noticed Boris
 52659 | Tomb:1   | Killed Boris
 53094 | Tomb:1   | Noticed a greater mummy
 53105 | Tomb:1   | Killed a greater mummy
 53174 | Tomb:1   | Noticed a greater mummy
 53195 | Tomb:1   | Killed a greater mummy
 53594 | Tomb:1   | Got a smoking bronze ring
 53669 | Tomb:2   | Noticed a greater mummy
 53670 | Tomb:2   | Noticed a greater mummy
 53672 | Tomb:2   | Noticed a greater mummy
 53677 | Tomb:2   | Noticed a greater mummy
 53692 | Tomb:2   | HP: 5/174 [emperor scorpion[a greater mummy] (8)]
 53698 | Tomb:2   | HP: 4/174 [emperor scorpion[a greater mummy] (6)]
 53704 | Tomb:2   | HP: 7/174 [??? (2)]
 53706 | Tomb:2   | Slain by an emperor scorpion

Illustrated notes

Levels and vault maps discovered:
D:1:      tarquinn_simple_flora_water_e, layout_rooms, minmay_quantized
D:2:      layout_loops_ring, nemelex_dance_club_becter
D:3:      minmay_evil_eye, layout_rooms, grunt_temple_overflow_cloverleaf,
          biasface_ghost_orc_armoury, minmay_fractal_squares_gapless_5
D:4:      layout_loops_cross, minmay_temple_entry_fiery, serial_shops, shop,
          minmay_shop_grid_forest, uniq_pikel
D:5:      layout_basic, first_ration, uniq_duvessa
D:6:      layout_basic, serial_glass, glass_columns_a, glass_columns_c,
          glass_columns_c, glass_columns_a, glass_columns_a, glass_columns_a,
          glass_columns_c, glass_columns_b, glass_columns_a, glass_columns_a,
          hangedman_glass_teeth, hangedman_decor_peaks_small,
          uniq_prince_ribbit1
D:7:      layout_basic, enter_bailey_3, fedhas_altar_2, uniq_harold
D:8:      minmay_gate_of_8, layout_basic, basic_altar, uniq_joseph
D:9:      layout_basic, grunt_gozag_statues, okawaru_altar_gauntlet_db,
          due_lair_maze_entry_diamond, nrook_guardian_serpent_ordinary,
          uniq_maggie
D:10:     layout_irregular_city, david_orc_5, hangedman_stone_soup,
          st_stairs_13, uniq_fannar
D:11:     layout_irregular_city, nicolae_blasting_shop, uniq_nergalle
D:12:     layout_irregular_city
D:13:     minmay_the_grid_square_5x5_3x3 [minmay_the_grid_square_5x5_checkered,
          minmay_the_grid_square_5x5_bite,
          minmay_the_grid_square_5x5_pentomino_r,
          minmay_the_grid_square_5x5_half_checkered,
          minmay_the_grid_square_5x5_megaprize_crossed,
          minmay_the_grid_square_5x5_eight, minmay_the_grid_square_5x5_meh,
          minmay_the_grid_square_5x5_empty, minmay_the_grid_square_5x5_three],
          layout_irregular_city, grunt_vaults_entry_fortified,
          gammafunk_ghost_grave
D:14:     layout_layer_cave, nrook_campfire, grunt_decor_resistance,
          small_chamber_with_monster, abandoned_shop
D:15:     hangedman_depths_entry_civil_slaughter, layout_basic, serial_shops,
          nicolae_shop_stone, dk_noncrumbling_2, minivault_16
Temple:   lightli_temple_of_artemis
Lair:1:   layout_long_grid, beast_lair_carwin_7, serial_bayou_shore_b
Lair:2:   layout_misc_corridors, minmay_shoals_entry_beasts,
          minmay_snake_entry_spellcaster, disabler_island
Lair:3:   layout_roguey, st_stairs_12, infiniplex_staircase_pool,
          grunt_megastairs_3
Lair:4:   layout_concentric_octagons, st_stairs_8, uniq_josephine, uniq_snorg
Lair:5:   layout_misc_corridors, slime_altar_1, special_room [special_room_bee],
          gauntlet_entry_generic, grunt_megastairs_5, serial_bayou_shore_a
Lair:6:   grunt_lair_end_beastmaster, layout_long_grid, st_stairs_6,
          grunt_megastairs_1, lemuel_fruit_tree, minmay_lair_oklob_chamber
Shoals:1: cheibrodos_shoals_baths, layout_shoals
Shoals:2: layout_shoals
Shoals:3: layout_shoals, uniq_louise, uniq_jorgrun
Shoals:4: shoals_end_simple, layout_shoals, nicolae_shoals_drake_roost,
          uniq_polyphemus
Snake:1:  layout_basic, grunt_megastairs_4
Snake:2:  layout_rooms, special_room
Snake:3:  layout_misc_corridors, drop_trap, evilmike_ambush
          [evilmike_ambush_outer_basic, evilmike_ambush_inner_basic]
Snake:4:  grunt_snake_rune_pools, layout_misc_corridors,
          nicolae_large_snake_swirl, minmay_shop_grove, uniq_vashnia, uniq_aizul
Orc:1:    orc_temple, layout_caves, basic_altar
Orc:2:    st_orc_town, layout_diamond_mine, basic_altar
Elf:1:    eino_elf_arrival_sip, layout_loops_cross, serial_shops,
          nicolae_shop_statue_plus, shop, nicolae_shop_stone,
          nicolae_shop_behind_doors
Elf:2:    layout_geoelf_octagon, hangedman_feature_mirror
Elf:3:    minmay_elf_hall_dome, layout_loops_cross
Vaults:1: vaults_mumra_minichess, nicolae_vaults_border_crossing, v_misc_31,
          v_misc_28, ontoclasm_vaults_ring_large, v_misc_10,
          vaults_room_fancy_cross, ontoclasm_vaults_shuriken, v_alt_pattern_2,
          v_misc_16, layout_vaults_omnigrid, mu_enter_wizlab_1
Vaults:2: v_rooms_6, nicolae_vaults_network_star, hangedman_vaults_stitches,
          st_hourglassy, vaults_dpeg_ring, nicolae_vaults_alarming,
          vaults_dpeg_spiral, grunt_vaults_twisty, hangedman_vaults_impose,
          minmay_crypt_entry_simple_corners, ontoclasm_vaults_fault,
          nicolae_vaults_ninety_degrees, nicolae_vaults_diagonal_hallway_6,
          nicolae_vaults_little_squares_3, nicolae_vaults_little_squares_1,
          layout_vaults_ring, serial_shops, shop, uniq_nikola
Vaults:3: v_misc_30, v_pattern_5, hangedman_vaults_variations,
          ontoclasm_vaults_water_temple, v_rooms_3, vaults_dpeg_hooks,
          nicolae_vaults_little_squares_6, v_misc_17,
          nicolae_vaults_specimen_jars, ontoclasm_vaults_gateway,
          ontoclasm_vaults_misaligned, layout_vaults_omnibox
Vaults:4: grunt_vaults_focal, hangedman_vaults_hat, vaults_dpeg_doors,
          v_misc_27, v_misc_8, nicolae_vaults_ring_of_whatevers,
          vaults_room_corners, nicolae_vaults_little_squares_2,
          grunt_vaults_diagonal, vaults_room_door_ring, v_pattern_4,
          layout_vaults_chaotic_city
Vaults:5
Crypt:1:  layout_gridlike, basic_altar, uniq_khufu
Crypt:2:  layout_regular_city, uniq_bai_suzhen
Crypt:3:  quadcrypt_mu
Tomb:1:   uniq_boris
Tomb:2
Depths:1: layout_cave_pools, hangedman_abyss_or_decor_passed,
          abyss_entry_crystal, hell_entry, lemuel_statue_altar
Depths:2: kennysheep_gozag_temple, layout_basic, lemuel_round_altar, hell_entry,
          minmay_staircase_statues_hall_small, uniq_enchantress
Depths:3: minmay_polygon_palace, layout_cave_pools, enter_ziggurat_d,
          minmay_misc_feat_room, rand_demon_pan_entry_3, hell_entry,
          infiniplex_staircase_door_maze
Depths:4: minmay_expanding_circles, layout_cave_shapes,
          minmay_misc_feat_four_crosses, grunt_hell_entry_dis_grunt,
          rand_demon_pan_entry_8, abyss_entry, minmay_hollow_rounded_squares,
          uniq_saint_roka
Depths:5: evilmike_zot_entry_round, layout_gridlike, hell_entry, abyss_entry,
          nicolae_ashenzari_panopticon

Skill      XL: |  1  2  3  4  5  6  7  8  9 10 11 12 13 14 15 16 17 18 19 20 21 22 23 24 25 26 27 |
---------------+----------------------------------------------------------------------------------+-----
Axes           | 2 3 5 7 9 10 11 12 13 14 15 16 17 | 17.2
Shields        | 3 4 5 6 7 8 9 11 12 14 15 16 17 18 19 20 22 23 24 25 | 25.0
Fighting       | 3 4 5 6 7 8 9 10 11 12 13 14 15 16 17 18 19 21 | 21.0
Armour         | 3 4 5 6 7 8 9 10 11 12 13 14 15 16 | 16.2
Maces & Flails | 4 6 8 9 |  9.4
Invocations    | 1 4 5 6 |  6.2
Evocations     | 3 4 6 7 8 9 10 11 | 11.4

Action                   |  1- 3 |  4- 6 |  7- 9 | 10-12 | 13-15 | 16-18 | 19-21 | 22-24 | 25-27 || total
-------------------------+-------+-------+-------+-------+-------+-------+-------+-------+-------++-------
Melee: War axe           |    98 |   101 |   207 |    87 |       |       |       |       |       ||   493
       Bite              |    16 |    30 |    64 |   212 |   768 |   736 |   641 |   776 |   886 ||  4129
       Kick              |       |       |    31 |   221 |   258 |       |       |       |       ||   510
       Headbutt          |       |       |    17 |    17 |       |       |       |       |       ||    34
       Whip              |       |       |       |   472 |  1616 |   243 |       |       |       ||  2331
       Hand axe          |       |       |       |       |       |  1124 |  1120 |  1301 |  1071 ||  4616
       Demon trident     |       |       |       |       |       |     6 |       |       |       ||     6
       Flail             |       |       |       |       |       |       |       |       |   673 ||   673
Throw: Dart              |       |       |       |     2 |       |       |       |       |       ||     2
Invok: Heroism           |       |       |       |       |     1 |    11 |    27 |    29 |    22 ||    90
       Finesse           |       |       |       |       |       |     2 |    10 |    12 |     9 ||    33
 Abil: Blink             |       |       |       |       |     1 |     2 |       |       |       ||     3
Evoke: Wand              |       |       |       |       |     2 |     5 |       |       |       ||     7
       Box of beasts     |       |       |       |       |       |     1 |     2 |       |       ||     3
       Phantom mirror    |       |       |       |       |       |       |       |     2 |       ||     2
  Use: Potion            |       |     1 |     1 |     5 |     4 |    10 |       |       |     7 ||    28
       Scroll            |       |       |    17 |     5 |    18 |    26 |     7 |    12 |    31 ||   116
 Stab: Petrified         |       |       |       |       |       |    19 |       |       |       ||    19
       Petrifying        |       |       |       |       |       |     1 |       |       |       ||     1
       Distracted        |       |       |       |       |       |       |     1 |     2 |     1 ||     4
       Invisible         |       |       |       |       |       |       |       |       |     4 ||     4
  Eat: Chunk             |     1 |     4 |     8 |     2 |     9 |     4 |    12 |     8 |     2 ||    50
       Ration            |       |       |       |     5 |     6 |     7 |     2 |     5 |    14 ||    39
Armor: Scale mail        |    40 |    40 |    59 |    56 |   195 |       |       |       |       ||   390
       Plate armour      |       |       |    14 |    58 |   144 |   495 |   301 |   316 |   499 ||  1827
       Skin              |       |       |       |       |    12 |       |       |       |       ||    12
Dodge: Dodged            |    28 |    35 |    34 |    86 |   144 |   187 |   163 |   146 |   314 ||  1137
Block: Kite shield       |    56 |    56 |   114 |   314 |   552 |       |   591 |  1185 |  1852 ||  4720
       Reflection        |       |       |     6 |    20 |    73 |   152 |    68 |   143 |   183 ||   645
       Tower shield      |       |       |       |       |   704 |  1642 |   407 |       |       ||  2753
